 Dungeon Crawl Stone Soup version 0.31.0-2-g5a2aebc5c2 (webtiles) character file.

Game seed: 17309496109716135082

438 EnegeticOcto the Chopper (level 6, -5/56 HPs)
             Began as a Minotaur Fighter on Jan 20, 2024.
             Slain by a wyvern (6 damage)
             ... on level 5 of the Dungeon.
             The game lasted 00:01:35 (3445 turns).

EnegeticOcto the Chopper (Minotaur Fighter)         Turns: 3445, Time: 00:01:36

Health: -5/56      AC:  7    Str: 23    XL:     6   Next: 69%
Magic:  5/5        EV:  9    Int:  5    God:
Gold:   203        SH:  4    Dex:  9    Spells: 5/5 levels left

rFire   . . .        a - +0 war axe (heavy)
rCold   + . .        c - +0 buckler
rNeg    . . .        b - +0 scale mail
rPois   .            (helmet restricted)
rElec   .            (no cloak)
rCorr   .            (no gloves)
SInv    .            (no boots)
Will    .....        o - amulet of the acrobat Stlth
                     j - ring of protection from cold
HPRegen 0.29/turn    (no ring)
MPRegen 0.09/turn

%: acrobat
@: no status effects
A: horns 2, retaliatory headbutt
a: no special abilities


You were on level 5 of the Dungeon.
You visited 1 branch of the dungeon, and saw 5 of its levels.

You collected 203 gold pieces.

Inventory:

Hand Weapons
 a - a +0 heavy war axe (weapon)
Armour
 b - a +0 scale mail (worn)
 c - a +0 buckler (worn)
Jewellery
 j - a ring of protection from cold (left hand)
   (You found it on level 1 of the Dungeon)
 o - an amulet of the acrobat (around neck)
   (You found it on level 2 of the Dungeon)
Scrolls
 f - a scroll of fog {unknown}
Potions
 d - a potion of might {@q3}
 e - a potion of lignification
 g - 2 potions of ambrosia
 h - a potion of heal wounds {@q2}
 i - 3 potions of curing {unknown}
 k - a potion of enlightenment {unknown}
 p - 3 potions of degeneration {unknown}


   Skills:
 + Level 5.2 Fighting
 * Level 5.8 Axes
 + Level 5.1 Armour
 + Level 5.2 Shields


You had 5 spell levels left.
You didn't know any spells.
Your spell library was empty.

Dungeon Overview and Level Annotations

Branches:
Dungeon (5/15)
 Temple: D:4-7

Altars:
Ashenzari
Dithmenos
Elyvilon
Ru


Innate Abilities, Weirdness & Mutations

You have a pair of horns on your head.
You reflexively headbutt those who attack you in melee.


Message History

The shadow imp shouts!
Found 13 gold pieces.
There is a stone staircase leading up here.
A shadow imp is nearby!
A shadow imp is nearby!
A shadow imp is nearby!
A shadow imp is nearby!
A shadow imp is nearby!
A shadow imp is nearby!
The shadow imp closely misses you.
You barely miss the shadow imp. Your headbutt misses the shadow imp.
The shadow imp misses you.
You hit the shadow imp but do no damage.
The shadow imp gestures at you. Pain shoots through your body!
The shadow imp barely misses you. You furiously retaliate!
You headbutt the shadow imp. You closely miss the shadow imp.
The shadow imp is moderately wounded.
The shadow imp hits you but does no damage.
The shadow imp gestures at you. Pain shoots through your body!
You completely miss the shadow imp.
The shadow imp is moderately wounded.
The shadow imp hits you.
The shadow imp hits you but does no damage.
A shadow imp is nearby!
A shadow imp is nearby!
A shadow imp is nearby!
You barely miss the shadow imp.
The shadow imp is moderately wounded.
The shadow imp closely misses you. You furiously retaliate!
You headbutt the shadow imp.
The shadow imp hits you but does no damage.
You closely miss the shadow imp.
The shadow imp is heavily wounded.
You block the shadow imp's attack.
You hit the shadow imp but do no damage.
The shadow imp is heavily wounded.
The shadow imp hits you but does no damage. x2
You slash the shadow imp!
You kill the shadow imp!
No target in view!
No target in view!
No target in view!
No target in view!
No target in view!
HP restored.
You now have 203 gold pieces (gained 13).
A shadow imp comes into view.
The shadow imp shouts!
A shadow imp is nearby!
A shadow imp is nearby!
A shadow imp is nearby!
The shadow imp hits you but does no damage.
You hit the shadow imp. You headbutt the shadow imp!
The shadow imp is almost dead.
The shadow imp gestures at you. Pain shoots through your body!
The shadow imp hits you but does no damage.
You hit the shadow imp.
You kill the shadow imp!
No target in view!
No target in view!
No target in view!
Found a falchion.
A wyvern comes into view.
A wyvern is nearby!
The wyvern hisses angrily.
The wyvern bites you!
You closely miss the wyvern. You block the wyvern's attack.
The wyvern barely misses you. The wyvern bites you!
You slash the wyvern!
The wyvern is moderately wounded.
The wyvern bites you! The wyvern completely misses you.
You hit the wyvern but do no damage. You headbutt the wyvern.
The wyvern is heavily wounded.
The wyvern barely misses you. The wyvern bites you. The wyvern bites you!
You are too injured to fight recklessly!
You are too injured to fight recklessly!
You are too injured to fight recklessly!
You are too injured to fight recklessly!
You are too injured to fight recklessly!
You are too injured to fight recklessly!
You are too injured to fight recklessly!
You are too injured to fight recklessly!
You are too injured to fight recklessly!
You barely miss the wyvern.
The wyvern is heavily wounded.
The wyvern barely misses you. You furiously retaliate!
You headbutt the wyvern. The wyvern bites you!
* * * LOW HITPOINT WARNING * * *
The wyvern bites you!
* * * LOW HITPOINT WARNING * * *
You slash the wyvern!
The wyvern is almost dead.
The wyvern bites you.
* * * LOW HITPOINT WARNING * * *
The wyvern bites you but does no damage.
The wyvern bites you.
You die...

####### ##.....###
##........##########.
#....................
#)..........@.......
#.........##.k......
#.......####.......
##.....## .......
##...## ....... ##..#
....... #.## .......
##.# ....... #..#


You could see a wyvern.

Vanquished Creatures
  Eustachio (D:4)
  2 scorpions (D:4)
  A jelly (D:4)
  Jessica (D:2)
  6 adders
  2 shadow imps (D:5)
  3 dart slugs
  7 endoplasms
  3 giant cockroaches
  8 hobgoblins
  4 quokkas
  4 ball pythons
  7 bats
  5 frilled lizards
  4 goblins
  4 kobolds
  7 rats
69 creatures vanquished.

Notes
Turn   | Place    | Note
-------+----------+-------------------------------------------
     0 | D:1      | EnegeticOcto the Minotaur Fighter began the quest for the
                  | Orb.
     0 | D:1      | Reached XP level 1. HP: 19/19 MP: 0/0
   151 | D:1      | Reached XP level 2. HP: 17/27 MP: 1/1
   402 | D:1      | Reached XP level 3. HP: 33/33 MP: 2/2
   743 | D:2      | Found a shadowy altar of Dithmenos.
   764 | D:2      | Noticed Jessica
   771 | D:2      | Killed Jessica
   944 | D:2      | Reached XP level 4. HP: 40/40 MP: 3/3
  1204 | D:2      | Identified the +9 whip of the Ancient Knives {freeze,
                  | ^Drain +Blink Will+}
  1991 | D:4      | Found a white marble altar of Elyvilon.
  2115 | D:4      | Reached XP level 5. HP: 34/47 MP: 4/4
  2178 | D:4      | Found a broken altar of Ashenzari.
  2518 | D:4      | Found a sacrificial altar of Ru.
  2525 | D:4      | Reached skill level 5 in Axes
  2525 | D:4      | Reached XP level 6. HP: 44/55 MP: 5/5
  2876 | D:4      | Noticed Eustachio
  2904 | D:4      | Killed Eustachio
  2905 | D:4      | Reached skill level 5 in Fighting
  2905 | D:4      | Reached skill level 5 in Armour
  2905 | D:4      | Reached skill level 5 in Shields
  3288 | D:5      | Entered Level 5 of the Dungeon
  3437 | D:5      | Noticed a wyvern
  3444 | D:5      | HP: 1/56 [wyvern (7)]
  3445 | D:5      | Slain by a wyvern

Illustrated notes

Levels and vault maps discovered:
D:1:      psy_arrival_basics, layout_loops_ring, nrook_campfire,
          hangedman_decor_peaks_small, minmay_close_crescents
D:2:      layout_loops_ring, basic_altar, uniq_jessica
D:3:      layout_basic
D:4:      layout_basic, evilmike_ruin_ashenzari,
          nicolae_ru_sacrificial_ziggurat, elyvilon_altar_1,
          nicolae_figureground_sparkle, uniq_eustachio
D:5:      dreamdust_elfheim, layout_cave_pods, nicolae_vehumet_radiance,
          kennysheep_small_square

Skill      XL: |  1  2  3  4  5  6 |
---------------+-------------------+-----
Axes           | 3 4 5 |  5.8
Fighting       | 4 5 |  5.2
Armour         | 4 5 |  5.1
Shields        | 4 5 |  5.2

Action                     |  1- 3 |  4- 6 || total
---------------------------+-------+-------++-------
  Melee: War axe           |    73 |    98 ||   171
         Headbutt          |     7 |    11 ||    18
    Use: Scroll            |       |     6 ||     6
 Armour: Scale mail        |    49 |    81 ||   130
  Dodge: Dodged            |    29 |    57 ||    86
  Block: Buckler           |    11 |    32 ||    43
